 Seeded DCSS version 0.27.1-35-g4d5d836560 (webtiles) character file.

Game seed: 234523452345 (custom seed)

39 xaos the Skirmisher (level 3, 0/32 HPs)
             Began as a Human Wanderer on Mar 24, 2022.
             Was a Follower of Yredelemnul.
             Succumbed to an adder's poison
             ... on level 2 of the Dungeon.
             The game lasted 00:06:49 (1826 turns).

xaos the Skirmisher (Human Wanderer)                Turns: 1826, Time: 00:06:49

Health: 0/32       AC:  2    Str: 12    XL:     3   Next: 70%
Magic:  3/3        EV: 11    Int: 14    God:    Yredelemnul [*.....]
Gold:   60         SH:  0    Dex: 11    Spells: 2/2 levels left

rFire    . . .     SeeInvis .   a - +2 quarterstaff
rCold    . . .     Faith    .   (shield currently unavailable)
rNeg     . . .     Spirit   .   e - +0 robe
rPois    .         Reflect  .   (no helmet)
rElec    .         Harm     .   (no cloak)
rCorr    .         Rampage  .   (no gloves)
Will     .....                  (no boots)
Stlth    +.........             (no amulet)
HPRegen  0.10/turn              (no ring)
MPRegen  0.08/turn              (no ring)

@: lethally poisoned (0 -> -2)
A: no striking features
a: Renounce Religion, Animate Remains


You were on level 2 of the Dungeon.
You worshipped Yredelemnul.
Yredelemnul was aware of your devotion.
You visited 1 branch of the dungeon, and saw 2 of its levels.

You collected 60 gold pieces.

Inventory:

Hand Weapons
 a - a +2 quarterstaff (weapon)
 b - a +0 falchion
 d - a +0 dagger
 i - a +0 whip
Missiles
 c - 13 poisoned darts (quivered)
 f - 43 stones
 g - 16 arrows
Armour
 e - a +0 robe (worn)
Scrolls
 h - a scroll of vulnerability {unknown}


   Skills:
 + Level 4.9 Fighting
 + Level 1.5 Staves
 + Level 1.0 Crossbows
 + Level 1.0 Throwing
 + Level 1.1 Dodging
 + Level 1.0 Stealth
 + Level 1.0 Evocations


You had 2 spell levels left.
You didn't know any spells.
Your spell library was empty.

Dungeon Overview and Level Annotations

Branches:
Dungeon (2/15)

Altars:
Yredelemnul


Message History

You feel sick. The adder misses you.
Your frilled lizard zombie misses the adder.
The adder bites you.
You hit the adder.
The adder is almost dead.
You feel sick. The adder barely misses you.
Your frilled lizard zombie bites the adder but does no damage.
You barely miss the adder.
The adder is almost dead.
You feel sick. The adder bites you.
* * * LOW HITPOINT WARNING * * *
You are lethally poisoned!
The adder poisons you! The adder closely misses you.
Your frilled lizard zombie misses the adder.
You miss the adder.
The adder is almost dead.
* * * LOW HITPOINT WARNING * * *
You feel very sick. The adder closely misses you.
Your frilled lizard zombie misses the adder.
The adder barely misses you.
You hit the adder.
You kill the adder!
Yredelemnul accepts your kill.
* * * LOW HITPOINT WARNING * * *
You feel sick.
* * * LOW HITPOINT WARNING * * *
You feel sick.
You see here a scroll labelled COC HAWIOW.
* * * LOW HITPOINT WARNING * * *
You feel sick.
There is an open door here.
* * * LOW HITPOINT WARNING * * *
You feel sick.
* * * LOW HITPOINT WARNING * * *
You feel sick.
Unknown command.
Unknown command.
You die...
Your body rises from the dead as a mindless zombie.

#.. #.#. #......#
.##.###.#.###......#
..................#
#......##........#
.#................##
...................#
#####)............#
#........#+####...##
#..@......... #...'.
#............##...##
#.Z..........##...#
##'####...######...#
#.?.......# #####
#.........#
#.........#
#........##
#........#


You could see a friendly frilled lizard zombie.

Vanquished Creatures
  2 adders (D:2)
  A dart slug (D:1)
  2 ball pythons (D:1)
  A giant cockroach (D:1)
  3 goblins
  3 hobgoblins (D:1)
  2 jackals (D:1)
  A kobold (D:2)
  4 frilled lizards
  2 rats
21 creatures vanquished.

Vanquished Creatures (others)
  A kobold zombie (D:2)
1 creature vanquished.

Grand Total: 22 creatures vanquished

Notes
Turn   | Place    | Note
-------+----------+-------------------------------------------
     0 | D:1      | xaos the Human Wanderer began the quest for the Orb.
     0 | D:1      | xaos set off with the following items: a +2 quarterstaff, a
                  | +0 falchion, 13 poisoned darts, a +0 dagger, a +0 robe
     0 | D:1      | Reached XP level 1. HP: 19/19 MP: 1/1
   274 | D:1      | Reached XP level 2. HP: 14/26 MP: 2/2
   757 | D:1      | Found a faded altar of an unknown god.
   759 | D:1      | Became a worshipper of Yredelemnul the Dark
   759 | D:1      | Reached * piety under Yredelemnul
  1500 | D:2      | Reached XP level 3. HP: 29/31 MP: 3/3
  1825 | D:2      | HP: 1/32 [poisoned by an adder]
  1826 | D:2      | Succumbed to an adder's poison

Illustrated notes

Levels and vault maps discovered:
D:1:      lemuel_arrival_lava_pool, layout_basic,
          chequers_ecumenical_altar_twisty
D:2:      layout_basic, minivault_25, minmay_misc_feat_cross,
          minmay_pentomino_z2

Action                   || total
-------------------------++-------
Melee: Quarterstaff      ||    60
Throw: Dart              ||     3
Invok: Animate Remains   ||     2
 Stab: Sleeping          ||     1
Armor: Robe              ||     7
Dodge: Dodged            ||    35
